 Dungeon Crawl Stone Soup version 0.21-a0-372-gd0ff781 (webtiles) character file.

674 terra52 the Charmwright (level 7, 0/56 HPs)
             Began as a Gnoll Skald on Oct 16, 2017.
             Slain by an ice beast (13 damage)
             ... on level 5 of the Dungeon.
             The game lasted 00:08:00 (1741 turns).

terra52 the Charmwright (Gnoll Skald)               Turns: 1741, Time: 00:08:01

Health: 0/56       AC:  4    Str: 15    XL:     7   Next: 59%
Magic:  6/15       EV: 14    Int: 16    God:
Gold:   167        SH:  0    Dex: 14    Spells: 6/17 levels left

rFire    . . .     SeeInvis .   a - +0 spear
rCold    . . .     Gourm    .   (no shield)
rNeg     . . .     Faith    .   b - +0 leather armour
rPois    .         Spirit   .   (no helmet)
rElec    .         Reflect  .   (no cloak)
rCorr    .         Harm     .   u - +0 pair of gloves
MR       .....                  (no boots)
Stlth    ++........             (no amulet)
HPRegen  0.18/turn              (no ring)
MPRegen  0.14/turn              (no ring)

@: infused
A: distributed training, fangs 1, strong nose
a: no special abilities


You were on level 5 of the Dungeon.
You were hungry.

You visited 2 branches of the dungeon, and saw 6 of its levels.

You collected 167 gold pieces.

Inventory:

Hand Weapons
 a - a +0 spear (weapon)
Armour
 b - a +0 leather armour (worn)
 j - a +0 ring mail
 n - a +1 robe of the Archmagi
 u - a +0 pair of gloves (worn)
Wands
 i - a wand of confusion (27/48)
 r - a wand of flame (21/48)
Scrolls
 m - a scroll of remove curse {unknown}
 o - a scroll of identify {unknown}
 p - 2 scrolls of enchant armour {unknown}
 q - a scroll of enchant weapon {unknown}
Potions
 e - 2 potions of might {unknown}
 f - 2 potions of lignification {unknown}
 g - a potion of brilliance {unknown}
 k - a potion of resistance
 s - a potion of invisibility {unknown}
Books
 c - a book of Battle

   Spells                             Type                      Level
   a - Infusion                       Charms                       1
   b - Shroud of Golubria             Charms/Translocation         2
   c - Song of Slaying                Charms                       2
   d - Spectral Weapon                Hexes/Charms                 3
   e - Regeneration                   Charms/Necromancy            3
 l - a book of Misfortune

   Spells                             Type                      Level
   a - Confusing Touch                Hexes                        1
   b - Confuse                        Hexes                        3
   c - Gell's Gravitas                Translocation                3
   d - Petrify                        Transmutation/Earth          4
   e - Metabolic Englaciation         Hexes/Ice                    5
   f - Yara's Violent Unravelling     Hexes/Transmutation          5
Comestibles
 d - 2 bread rations
 h - 2 meat rations


   Skills:
 + Level 5.2 Fighting
 + Level 2.5 Short Blades
 + Level 2.5 Long Blades
 + Level 2.5 Axes
 + Level 2.5 Maces & Flails
 + Level 5.2 Polearms
 + Level 2.5 Staves
 + Level 2.5 Slings
 + Level 2.5 Bows
 + Level 2.5 Crossbows
 + Level 2.5 Throwing
 + Level 3.6 Armour
 + Level 5.2 Dodging
 + Level 2.5 Stealth
 + Level 2.5 Shields
 + Level 2.5 Unarmed Combat
 + Level 5.6 Spellcasting
 + Level 2.0 Conjurations
 + Level 2.0 Hexes
 + Level 5.8 Charms
 + Level 2.0 Summonings
 + Level 2.0 Necromancy
 + Level 2.0 Translocations
 + Level 2.0 Transmutations
 + Level 2.0 Fire Magic
 + Level 2.0 Ice Magic
 + Level 2.0 Air Magic
 + Level 2.0 Earth Magic
 + Level 2.0 Poison Magic
 + Level 2.8 Invocations
 + Level 2.5 Evocations


You had 6 spell levels left.
You knew the following spells:

 Your Spells              Type           Power        Failure   Level  Hunger
a - Infusion              Chrm           ###.         1%          1    None
b - Regeneration          Chrm/Necr      ###.......   10%         3    ##.....
c - Spectral Weapon       Hex/Chrm       ###.....     10%         3    ##.....
d - Shroud of Golubria    Chrm/Tloc      ###.......   4%          2    #......
e - Song of Slaying       Chrm           ###.....     2%          2    #......


Dungeon Overview and Level Annotations

Branches:
Dungeon (5/15)             Temple (1/1) D:4

Altars:
Ashenzari
Cheibriados
Dithmenos
Elyvilon
Fedhas
Kikubaaqudgha
Nemelex Xobeh
Okawaru
Vehumet
Xom
Yredelemnul
Lugonu

Annotations:
D:4 Eustachio


Innate Abilities, Weirdness & Mutations

Your experience applies equally to all skills.
You have very sharp teeth.
Your uncanny sense of smell can sniff out nearby items.


Message History

* * * LOW HITPOINT WARNING * * *
You hit the ice beast.
You bite the ice beast, but do no damage.
The ice beast is moderately wounded.
Your spectral weapon hits the ice beast but does no damage.
You puncture the ice beast!
The ice beast is heavily wounded.
Your spectral weapon hits the ice beast from afar.
The ice beast hits you but does no damage.
You hit the ice beast but do no damage.
The ice beast is heavily wounded.
Your spectral weapon hits the ice beast from afar.
The ice beast hits you but does no damage.
You hit the ice beast but do no damage.
The ice beast is almost dead.
Your spectral weapon hits the ice beast from afar.
The ice beast hits you.
* * * LOW HITPOINT WARNING * * *
The ice beast freezes you!
You die...

#..... .....#
#.##.# #.##.#
##.##.# ..##.#
##(##.###.###
..###.@##........
#......Y...###.###
#.####.#...###.#
#.#.#.....#
#.#.####### #.#.#
#.#.# #.#.# #.#


You could see an ice beast and a friendly spectral spear.

Vanquished Creatures
  The ghost of Maxmaps the Shield-Bearer, an amateur DrMo (D:4)
  Edmund (D:3)
  A phantom (D:4)
  An ogre (D:5)
  A howler monkey (D:4)
  2 orc priests
  A centaur skeleton (D:4)
  An orc wizard (D:4)
  A worker ant (D:4)
  An adder (D:4)
  2 gnolls (D:2)
  An ooze (D:4)
  A dart slug (D:4)
  A leopard gecko (D:4)
  9 orcs
  2 giant cockroaches
  A goblin (D:1)
  A hobgoblin (D:4)
  3 kobolds
  A quokka (D:2)
  3 bats (D:2)
  A frilled lizard (D:2)
  4 rats
41 creatures vanquished.

Vanquished Creatures (others)
  5 dream sheep (D:4)
5 creatures vanquished.

Grand Total: 46 creatures vanquished

Notes
Turn   | Place    | Note
-------+----------+-------------------------------------------
     0 | D:1      | terra52 the Gnoll Skald began the quest for the Orb.
     0 | D:1      | Reached XP level 1. HP: 20/20 MP: 6/6
   165 | D:2      | Reached XP level 2. HP: 26/26 MP: 4/7
   192 | D:2      | Reached skill level 5 in Spellcasting
   192 | D:2      | Reached XP level 3. HP: 28/31 MP: 0/9
   194 | D:2      | Found a shadowy altar of Dithmenos.
   240 | D:3      | Learned a level 3 spell: Regeneration
   244 | D:3      | Learned a level 3 spell: Spectral Weapon
   247 | D:3      | Learned a level 2 spell: Shroud of Golubria
   250 | D:3      | Learned a level 2 spell: Song of Slaying
   345 | D:4      | Reached skill level 1 in Short Blades
   345 | D:4      | Reached skill level 1 in Long Blades
   345 | D:4      | Reached skill level 1 in Axes
   345 | D:4      | Reached skill level 1 in Maces & Flails
   345 | D:4      | Reached skill level 1 in Staves
   345 | D:4      | Reached skill level 1 in Slings
   345 | D:4      | Reached skill level 1 in Bows
   345 | D:4      | Reached skill level 1 in Crossbows
   345 | D:4      | Reached skill level 1 in Throwing
   345 | D:4      | Reached skill level 1 in Stealth
   345 | D:4      | Reached skill level 1 in Shields
   345 | D:4      | Reached skill level 1 in Unarmed Combat
   345 | D:4      | Reached skill level 1 in Invocations
   345 | D:4      | Reached skill level 1 in Evocations
   345 | D:4      | Reached XP level 4. HP: 22/38 MP: 2/11
   389 | D:4      | Noticed Eustachio
   459 | D:3      | Reached skill level 1 in Conjurations
   459 | D:3      | Reached skill level 1 in Hexes
   459 | D:3      | Reached skill level 1 in Summonings
   459 | D:3      | Reached skill level 1 in Necromancy
   459 | D:3      | Reached skill level 1 in Translocations
   459 | D:3      | Reached skill level 1 in Transmutations
   459 | D:3      | Reached skill level 1 in Fire Magic
   459 | D:3      | Reached skill level 1 in Ice Magic
   459 | D:3      | Reached skill level 1 in Air Magic
   459 | D:3      | Reached skill level 1 in Earth Magic
   459 | D:3      | Reached skill level 1 in Poison Magic
   462 | D:3      | Found a snail-covered altar of Cheibriados.
   486 | D:3      | Found a white marble altar of Elyvilon.
   581 | D:4      | Reached XP level 5. HP: 43/43 MP: 6/12
   582 | D:4      | Noticed Maxmaps's ghost (amateur DrMo)
   584 | D:4      | Noticed Edmund
   619 | D:3      | Killed Edmund
   619 | D:3      | Reached XP level 6. HP: 13/50 MP: 1/13
   858 | D:4      | Found a radiant altar of Vehumet.
   896 | D:5      | Entered Level 5 of the Dungeon
   907 | D:5      | Reached skill level 5 in Fighting
   907 | D:5      | Reached skill level 5 in Polearms
   907 | D:5      | Reached skill level 5 in Dodging
  1028 | D:4      | Found a shimmering altar of Xom.
  1028 | D:4      | Noticed a dream sheep
  1028 | D:4      | Noticed a dream sheep
  1028 | D:4      | Noticed a dream sheep
  1028 | D:4      | Noticed a dream sheep
  1028 | D:4      | Noticed a dream sheep
  1032 | D:4      | Killed a dream sheep
  1032 | D:4      | Killed a dream sheep
  1033 | D:4      | Killed a dream sheep
  1033 | D:4      | Killed a dream sheep
  1034 | D:4      | Killed a dream sheep
  1113 | D:4      | Noticed a phantom
  1145 | D:4      | Killed a phantom
  1145 | D:4      | Reached XP level 7. HP: 53/56 MP: 8/15
  1222 | D:4      | Found a staircase to the Ecumenical Temple.
  1232 | Temple   | Entered the Ecumenical Temple
  1562 | D:4      | Killed Maxmaps's ghost
  1741 | D:5      | Slain by an ice beast

Vault maps used:
D:1:      dpeg_arrival_short_road
D:2:      bloody_trog, lemuel_crystal_altar, lemuel_round_altar,
          gammafunk_temple_overflow_wave
D:3:      lemuel_doored_altar, overflow_temple_1_default
D:4:      vehumet_altar_wand_db, kb_xom_exploding_sheep,
          minmay_temple_entry_glassed_door, first_bread, hex_intersection,
          uniq_eustachio, uniq_duvessa, uniq_edmund
D:5:      old_standard_altar, tso_metal_star, grunt_qazlal_sundering
Temple:   corrupted_temple

Skill      XL: |  1  2  3  4  5  6  7 |
---------------+----------------------+-----
Spellcasting   | 5 |  5.6
Short Blades   | 1 2 |  2.5
Long Blades    | 1 2 |  2.5
Axes           | 1 2 |  2.5
Maces & Flails | 1 2 |  2.5
Staves         | 1 2 |  2.5
Slings         | 1 2 |  2.5
Bows           | 1 2 |  2.5
Crossbows      | 1 2 |  2.5
Throwing       | 1 2 |  2.5
Stealth        | 1 2 |  2.5
Shields        | 1 2 |  2.5
Unarmed Combat | 1 2 |  2.5
Invocations    | 1 2 |  2.8
Evocations     | 1 2 |  2.5
Conjurations   | 1 2 |  2.0
Hexes          | 1 2 |  2.0
Summonings     | 1 2 |  2.0
Necromancy     | 1 2 |  2.0
Translocations | 1 2 |  2.0
Transmutations | 1 2 |  2.0
Fire Magic     | 1 2 |  2.0
Ice Magic      | 1 2 |  2.0
Air Magic      | 1 2 |  2.0
Earth Magic    | 1 2 |  2.0
Poison Magic   | 1 2 |  2.0
Armour         | 3 |  3.6
Fighting       | 5 |  5.2
Polearms       | 5 |  5.2
Dodging        | 5 |  5.2
Charms         | |  5.8

Action                   |  1- 3 |  4- 6 |  7- 9 || total
-------------------------+-------+-------+-------++-------
Melee: Spear             |    40 |   114 |    45 ||   199
       Bite              |     2 |     4 |     5 ||    11
 Cast: Infusion          |     6 |     5 |     3 ||    14
       Spectral Weapon   |     1 |     6 |     5 ||    12
       Regeneration      |       |     4 |     6 ||    10
       Shroud of Golubri |       |     1 |       ||     1
Evoke: Wand              |       |     4 |     3 ||     7
  Use: Scroll            |       |     2 |       ||     2
 Stab: Sleeping          |     1 |       |     2 ||     3
       Distracted        |       |     1 |       ||     1
       Confused          |       |     1 |       ||     1
  Eat: Chunk             |       |     2 |     2 ||     4
Armor: Leather armour    |     6 |     7 |    16 ||    29
Dodge: Dodged            |    16 |    43 |    46 ||   105

Table legend:
 A = Spawn XP
 B = Non-spawn XP
 C = Spawn XP percentage of total XP
 D = Spawn monster count
 E = Non-spawn monster count
 F = Spawn count percentage of total count
 G = Total turns spent on level
                    A         B        C        D         E        F      G
               +---------+---------+-------+---------+---------+-------+---------
         Total |       0 |     964 |   0.0 |       0 |      41 |   0.0 |  1741
               +---------+---------+-------+---------+---------+-------+---------
           D:1 |       0 |       6 |   0.0 |       0 |       3 |   0.0 |    88
           D:2 |       0 |      38 |   0.0 |       0 |      10 |   0.0 |   179
           D:3 |       0 |     220 |   0.0 |       0 |       8 |   0.0 |   369
           D:4 |       0 |     576 |   0.0 |       0 |      18 |   0.0 |   952
           D:5 |       0 |     124 |   0.0 |       0 |       2 |   0.0 |   123
               +---------+---------+-------+---------+---------+-------+---------
